 Dungeon Crawl Stone Soup version 0.24-a0-274-gb3763e6d51 (webtiles) character file.

Game seed: 6496632106996353262

0 Esekla the Skirmisher (level 1, -3/20 HPs)
             Began as a Gnoll Abyssal Knight on Apr 27, 2019.
             Was a Follower of Lugonu.
             Killed from afar by a wretched star (23 damage)
             ... with an orb of energy
             ... on level 2 of the Abyss.
             The game lasted 00:03:07 (315 turns).

Esekla the Skirmisher (Gnoll Abyssal Knight)         Turns: 315, Time: 00:03:08

Health: -3/20      AC:  3    Str: 14    XL:     1   Next: 0%
Magic:  3/3        EV: 12    Int: 14    God:    Lugonu [*.....]
Gold:   47         SH:  0    Dex: 14    Spells: 0/0 levels left

rFire    . . .     SeeInvis .   a - +1 falchion
rCold    . . .     Gourm    .   (no shield)
rNeg     . . .     Faith    .   b - +0 leather armour
rPois    .         Spirit   .   (no helmet)
rElec    .         Reflect  .   (no cloak)
rCorr    .         Harm     .   (no gloves)
MR       .....                  (no boots)
Stlth    +.........             (no amulet)
HPRegen  0.06/turn              (no ring)
MPRegen  0.08/turn              (no ring)

@: no status effects
A: distributed training, fangs 1, frail 1, strong nose
a: Depart the Abyss, Renounce Religion


You were on level 2 of the Abyss.
You worshipped Lugonu.
Lugonu was aware of your devotion.
You were not hungry.

You visited 0 branches of the dungeon, and saw 0 of its levels.
You visited the Abyss 1 time.

You collected 47 gold pieces.

Inventory:

Hand Weapons
 a - a +1 falchion (weapon)
Armour
 b - a +0 leather armour (worn)
Wands
 g - a wand of polymorph (3)
Scrolls
 e - a scroll of remove curse {unknown}
 f - a scroll of fog {unknown}
 h - a scroll of blinking {unknown}
 i - a scroll of summoning {unknown}
 l - a scroll of acquirement {unknown}
Potions
 d - 2 potions of curing {unknown}
 j - a potion of invisibility {unknown}
 k - a potion of lignification {unknown}
Comestibles
 c - 3 rations


   Skills:
 + Level 6.4 Fighting
 + Level 0.0 Short Blades
 + Level 4.4 Long Blades
 + Level 0.0 Axes
 + Level 0.0 Maces & Flails
 + Level 0.0 Polearms
 + Level 0.0 Staves
 + Level 0.0 Slings
 + Level 0.0 Bows
 + Level 0.0 Crossbows
 + Level 0.0 Throwing
 + Level 4.4 Armour
 + Level 2.3 Dodging
 + Level 0.0 Stealth
 + Level 0.0 Shields
 + Level 0.0 Unarmed Combat
 + Level 0.0 Spellcasting
 + Level 0.0 Conjurations
 + Level 0.0 Hexes
 + Level 0.0 Charms
 + Level 0.0 Summonings
 + Level 0.0 Necromancy
 + Level 0.0 Translocations
 + Level 0.0 Transmutations
 + Level 0.0 Fire Magic
 + Level 0.0 Ice Magic
 + Level 0.0 Air Magic
 + Level 0.0 Earth Magic
 + Level 0.0 Poison Magic
 + Level 4.4 Invocations
 + Level 0.0 Evocations


You couldn't memorise any spells.
You didn't know any spells.
Your spell library was empty.

Dungeon Overview and Level Annotations

Branches:
Dungeon (0/15)

Altars:


Innate Abilities, Weirdness & Mutations

Your experience applies equally to all skills.
You have very sharp teeth.
Your uncanny sense of smell can sniff out nearby items.
You are frail. (-10% HP)


Message History

Found a scroll labeled OTIBEF LASCH.
i - a scroll labeled OTIBEF LASCH
Found a glowing cyan potion.
j - a glowing cyan potion
Found a rapier.
Found 23 arrows.
Found a black potion.
k - a black potion
Found a hide-covered altar of Uskayaw.
There is a hide-covered altar of Uskayaw, spattered with blood here.
A large abomination comes into view.
A wretched star comes into view.
Found a scroll labeled BUIZEL DEVY.
The wretched star glows turbulently.
The orb of energy misses you.
The orb of energy explodes!
l - a scroll labeled BUIZEL DEVY The wretched star glows turbulently.
The orb of energy hits you!!
Ouch! That really hurt!
You die...

.. #. ## . ... .#
.### ##. ###.# .
.###...##...#.#
...#..#.#.#@..#
...#..#.#...#...#
.....#.#.#.##..##
##.#.. .#..###..#
##...#.#X.....#.#
..
#...#.#.#.#....
#.###..*#.#.# #.
...#....###... ##
.. #.###..#....


You could see a wretched star and a large abomination.

Vanquished Creatures (others)
  A white imp (Abyss:1)
  13 starspawn tentacles (Abyss:1)
14 creatures vanquished.

Notes
Turn   | Place    | Note
-------+----------+-------------------------------------------
     0 | Abyss:1  | Esekla the Gnoll Abyssal Knight began the quest for the
                  | Orb.
     0 | Abyss:1  | Reached XP level 1. HP: 23/23 MP: 3/3
    88 | Abyss:1  | Noticed a tentacled starspawn
    97 | Abyss:1  | Noticed an oklob plant
   105 | Abyss:1  | Noticed an iron imp
   157 | Abyss:1  | Noticed an iron imp
   161 | Abyss:1  | Noticed a neqoxec
   162 | Abyss:1  | Gained mutation: You are frail. (-10% HP) [a neqoxec]
   272 | Abyss:2  | Found a hide-covered altar of Uskayaw.
   288 | Abyss:2  | Noticed a large abomination
   300 | Abyss:2  | Noticed a wretched star
   315 | Abyss:2  | Killed from afar by a wretched star

Levels and vault maps discovered:
Abyss:2

Action                   || total
-------------------------++-------
Dodge: Dodged            ||     1

Table legend:
 A = Non-vault XP
 B = Vault XP
 C = Vault XP percentage of total XP
 D = Non-vault monster count
 E = Vault monster count
 F = Vault count percentage of total count
                 A         B        C        D         E       F
            +---------+---------+-------+---------+---------+-------
      Total |       0 |       0 |   N/A |       0 |       0 |  -nan
            +---------+---------+-------+---------+---------+-------
            +---------+---------+-------+---------+---------+-------
